 Dungeon Crawl Stone Soup version 0.18-a0-1800-gdc7a371 (webtiles) character file.

276 Moloch the Chopper (level 6, -9/51 HPs)
             Began as a Minotaur Fighter on Apr 24, 2016.
             Killed by divine providence
             ... invoked by an orc priest
              (12 damage)
             ... on level 4 of the Dungeon.
             The game lasted 00:02:34 (2684 turns).

Moloch the Chopper (Minotaur Fighter)               Turns: 2684, Time: 00:02:35

Health: -9/51      AC:  6    Str: 26    XL:     6   Next: 4%
Magic:  5/5        EV:  7    Int:  5    God:
Gold:   107        SH:  9    Dex:  9    Spells: 0 memorised, 5 levels left

rFire  . . .     SeeInvis .     a - +0 war axe
rCold  . . .     Gourm    .     b - +0 scale mail
rNeg   . . .     Faith    .     c - +0 shield
rPois  .         Spirit   .     (helmet restricted)
rElec  .         Dismiss  .     (no cloak)
rCorr  .         Reflect  .     (no gloves)
SustAt .         Harm     .     (no boots)
MR     .....                    (no amulet)
Stlth  ..........               (no ring)
                                l - +3 ring of strength

@: not resistant to hostile enchantments, extremely unstealthy
A: retaliatory headbutt, horns 2
a: no special abilities


You were on level 4 of the Dungeon.
You were not hungry.

You visited 1 branch of the dungeon, and saw 4 of its levels.

You collected 107 gold pieces.

Inventory:

Hand Weapons
 a - a +0 war axe (weapon)
Armour
 b - a +0 scale mail (worn)
 c - a +0 shield (worn)
Jewellery
 l - a +3 ring of strength (left hand)
 u - an uncursed ring of fire {unknown}
Scrolls
 e - 2 scrolls of enchant weapon {unknown}
 h - 2 scrolls of random uselessness {unknown}
 i - 4 scrolls of identify {unknown}
 m - 2 scrolls of noise {unknown}
 n - 2 scrolls of enchant armour {unknown}
 p - a scroll of magic mapping {unknown}
 q - a scroll of recharging {unknown}
 s - 2 scrolls of fog {unknown}
 y - a scroll of amnesia {unknown}
Potions
 d - 4 potions of might
 j - 2 potions of flight {unknown}
 k - 3 potions of berserk rage {unknown}
 o - a potion of heal wounds {unknown}
 t - a potion of curing {unknown}
 v - a potion of mutation {unknown}
Books
 x - an Akashic Record

   Spells                             Type                      Level
   a - Dispersal                      Translocation                6
   b - Malign Gateway                 Summoning/Translocation      7
   c - Disjunction                    Translocation                8
   d - Controlled Blink               Translocation                8
Comestibles
 f - 4 bread rations
 g - a meat ration
 r - a fruit
 w - a beef jerky
 z - 5 chunks of flesh


   Skills:
 - Level 3.6 Fighting
 + Level 7.7 Axes
 - Level 3.6 Armour
 - Level 3.6 Shields


You had 5 spell levels left.
You didn't know any spells.

Dungeon Overview and Level Annotations

Branches:
Dungeon (4/15)
 Temple: D:4-7

Altars:
Ru
Sif Muna
Trog


Innate Abilities, Weirdness & Mutations

You reflexively headbutt those who attack you in melee.
You have a pair of horns on your head.


Message History

You hit the orc priest. You headbutt the orc priest!
The orc priest is heavily wounded.
The orc priest casts a cantrip, but nothing happens.
The orc priest hits you but does no damage.
The orc priest mumbles some strange prayers to Beogh against you.
Beogh smites you!
* * * LOW HITPOINT WARNING * * *
You closely miss the orc priest. You headbutt the orc priest.
The orc priest is severely wounded.
The orc priest hits you but does no damage.
You hit the orc priest.
You kill the orc priest!
You have reached level 6!
Your experience leads to an increase in your attributes!
Your base attributes are Str 22, Int 5, Dex 9.
Increase (S)trength, (I)ntelligence, or (D)exterity?
You feel stronger.
The orc priest mumbles some strange prayers to Beogh against you.
Beogh smites you!
You die...

.# .#
.########################
...(.......†...........>#
.#####...#########.####.#
.# #...# ..... #.# .#
#...# # ###.##.#.#
##############.###.##.#.#
........ .....o)@.....#.#
........ ....#.###.####.#
.###..## # # #........#
.# .# #.#.###### .# #.#.#
.# ..#.# .# ####.# ## #.#
# ..#


You could see an orc priest.

Vanquished Creatures
  An orc priest (D:4)
  2 orc wizards
  Ijyb (D:2)
  5 adders (D:3)
  3 dart slugs
  7 giant geckos
  17 orcs
  2 bats
  A giant cockroach (D:2)
  14 goblins
  7 hobgoblins
  10 jackals
  5 kobolds
  3 quokkas
  2 ball pythons
  2 giant newts (D:3)
  5 rats
87 creatures vanquished.

Notes
Turn   | Place    | Note
--------------------------------------------------------------
     0 | D:1      | Moloch the Minotaur Fighter began the quest for the Orb.
     0 | D:1      | Reached XP level 1. HP: 19/19 MP: 0/0
   100 | D:1      | Reached skill level 3 in Axes
   149 | D:1      | Reached XP level 2. HP: 26/26 MP: 1/1
   712 | D:1      | Reached skill level 4 in Axes
   736 | D:1      | Reached XP level 3. HP: 18/31 MP: 2/2
  1276 | D:2      | Noticed Ijyb
  1290 | D:2      | Killed Ijyb
  1290 | D:2      | Reached skill level 5 in Axes
  1290 | D:2      | Reached XP level 4. HP: 33/39 MP: 3/3
  1327 | D:2      | Found a sacrificial altar of Ru.
  1844 | D:3      | Reached skill level 6 in Axes
  2135 | D:3      | Reached XP level 5. HP: 45/45 MP: 4/4
  2322 | D:3      | Reached skill level 7 in Axes
  2495 | D:3      | Found a deep blue altar of Sif Muna.
  2538 | D:4      | Found a bloodstained altar of Trog.
  2682 | D:4      | HP: 2/45 [orc priest/divine providence (14)]
  2684 | D:4      | Reached XP level 6. HP: 3/51 MP: 5/5
  2684 | D:4      | Killed from afar by an orc priest

Vault maps used:
D:1:      minmay_arrival_widening_spiral_wide
D:2:      kennysheep_the_goblin_king, lemuel_round_altar, patterned_corridor
D:3:      lemuel_blue_sif_altar, first_bread, st_stairs_14
D:4:      nicolae_overflow_crystal_walls, minmay_temple_entry_glassed_door,
          trog_book

Skill      XL: |  1  2  3  4  5 |
---------------+----------------+-----
Axes           | 3 4 5 6 7 |  7.7
Fighting       | |  3.6
Armour         | |  3.6
Shields        | |  3.6

Action                   |  1- 3 |  4- 6 || total
-------------------------+-------+-------++-------
Melee: War axe           |    84 |   135 ||   219
       Headbutt          |     9 |    19 ||    28
  Eat: Chunk             |     1 |     5 ||     6
Armor: Scale mail        |    34 |    31 ||    65
Dodge: Dodged            |    16 |    39 ||    55
Block: Shield            |    36 |    68 ||   104
